AoeStats
← Alexspiration

Arena

509420658Analyzed
4v4 RM · 7d ago on Sep 26, 2026· 34m 43s· 8 players
Game mode
Random Map
Map size
Large (8 player)
Population
200
Speed
Normal
Resources
Standard
Victory
Conquest
Starting age
Dark Age
Ending age
Imperial Age
RankedLock teamsTeams togetherTeam positionsShared explorationLock speedFull tech treeHidden civsTurbo modeCheats
Victory
Defeat
1599
+11
🇹🇷 Wu · Türkiye
1506
+14
🇹🇷 Persians · Türkiye
1481
+15
🇹🇷 Gurjaras · Türkiye
1464
+17
🇩🇪 Burgundians · Germany
1510
-16
🇵🇪 Poles · Peru
1484
-15
🇹🇼 Mongols · Taiwan
1460
-14
🇮🇳 Franks · India
1425
-12
Alexspiration
10:37 Feudal Age
9:12 Double-Bit Axe
14:13 Castle Age
12:31 Bow Saw
12:22 Horse Collar
14:28 Gold Mining
14:42 Heavy Plow
19:40 Wheelbarrow
19:50 Town Watch
22:07 Stone Mining
23:06 Hand Cart
24:00 Loom
Maverick
10:38 Feudal Age
14:19 Castle Age
12:59 Double-Bit Axe
15:35 Bow Saw
20:56 Loom
23:27 Wheelbarrow
27:40 Imperial Age
25:24 Gold Mining
25:43 Scale Barding Armor
25:49 Forging
27:29 Chain Barding Armor
27:30 Hand Cart
27:44 Masonry
28:35 Iron Casting
28:15 Cavalier
28:56 Husbandry
32:47 Gold Shaft Mining
32:51 Plate Barding Armor
Guthrie_Govan
9:08 Loom
10:54 Feudal Age
14:52 Castle Age
12:48 Double-Bit Axe
12:54 Gold Mining
12:58 Stone Mining
12:49 Horse Collar
16:48 Wheelbarrow
16:27 Bow Saw
24:34 Padded Archer Armor
24:28 Fletching
26:42 Ballistics
28:04 Bodkin Arrow
30:43 Imperial Age
30:02 Padded Archer Armor
30:20 Bloodlines
30:10 Husbandry
31:30 Bracer
32:48 Chemistry
32:53 Leather Archer Armor
33:28 Thumb Ring
33:50 Parthian Tactics
33:32 Thumb Ring
33:06 Elite Mangudai
Kaanan
6:00 Loom
8:56 Feudal Age
9:35 Double-Bit Axe
10:15 Horse Collar
14:26 Town Watch
15:44 Fletching
24:31 Castle Age
24:52 Bloodlines
24:50 Scale Barding Armor
26:30 Chain Barding Armor
26:34 Husbandry
27:00 Szlachta Privileges
27:24 Forging
32:17 Iron Casting
32:20 Heavy Plow
33:02 Gold Mining
[CAF]_Babaanne Tokatlayan56
9:59 Feudal Age
10:53 Feudal Age
9:36 Loom
14:25 Castle Age
12:17 Double-Bit Axe
12:45 Fletching
17:00 Bodkin Arrow
27:58 Horse Collar
30:01 Bow Saw
31:44 Gold Mining
33:58 Heavy Plow
34:53 Wheelbarrow
35:03 Gold Shaft Mining
[CAF] ALTAR_KHAN
9:58 Feudal Age
13:57 Castle Age
12:28 Horse Collar
15:13 Double-Bit Axe
21:45 Bow Saw
21:49 Heavy Plow
24:03 Wheelbarrow
25:16 Hand Cart
25:18 Loom
26:09 Gold Mining
26:14 Stone Mining
29:36 Imperial Age
27:17 Scale Barding Armor
27:22 Forging
28:13 Bloodlines
28:04 Husbandry
28:29 Chain Barding Armor
29:43 Iron Casting
29:12 Elite War Elephant
30:59 Two-Man Saw
30:38 Crop Rotation
31:01 Gold Shaft Mining
31:06 Stone Shaft Mining
30:57 Conscription
31:21 Plate Barding Armor
32:09 Blast Furnace
32:40 Devotion
32:58 Fletching
33:08 Town Watch
33:45 Guilds
34:00 Masonry
[CAF] BabaYaga
8:23 Feudal Age
8:54 Double-Bit Axe
8:50 Horse Collar
15:01 Gold Mining
17:36 Castle Age
17:44 Fletching
17:42 Loom
18:33 Wheelbarrow
18:23 Bodkin Arrow
19:07 Bow Saw
20:07 Ballistics
20:46 Padded Archer Armor
23:30 Hand Cart
24:28 Red Cliffs Tactics
26:02 Leather Archer Armor
31:15 Imperial Age
32:39 Bracer
33:17 Conscription
34:26 Chemistry
[CAF] ShaHi
10:28 Feudal Age
11:58 Double-Bit Axe
12:06 Gold Mining
14:33 Castle Age
13:18 Horse Collar
15:41 Bow Saw
22:12 Wheelbarrow
24:03 Hand Cart
29:09 Imperial Age
28:48 Bloodlines
28:38 Husbandry
28:57 Scale Barding Armor
29:03 Forging
29:12 Heavy Camel Rider
31:20 Gold Shaft Mining
31:19 Heavy Plow
31:57 Chain Barding Armor
32:19 Iron Casting
33:53 Conscription
34:53 Frontier Guards
Connection lost

Rejoining the realm…

Still unreachable

The connection could not be restored.

Session expired

The server has moved on; the page needs a fresh start.